 Dungeon Crawl Stone Soup version 0.23-a0-33-g1e3a2e4 (webtiles) character file.

235 riellis the Charmwright (level 5, -1/30 HPs)
             Began as a Deep Elf Skald on Aug 4, 2018.
             Killed by divine providence
             ... invoked by an orc priest
              (9 damage)
             ... on level 4 of the Dungeon.
             The game lasted 00:12:55 (3848 turns).

riellis the Charmwright (Deep Elf Skald)            Turns: 3848, Time: 00:12:56

Health: -1/30      AC:  5    Str:  9    XL:     5   Next: 76%
Magic:  3/13       EV: 12    Int: 18    God:
Gold:   92         SH:  0    Dex: 14    Spells: 4/12 levels left

rFire    . . .     SeeInvis .   a - +0 falchion
rCold    . . .     Gourm    .   (no shield)
rNeg     . . .     Faith    .   b - +0 leather armour
rPois    .         Spirit   .   o - +0 helmet
rElec    .         Reflect  .   (no cloak)
rCorr    .         Harm     .   (no gloves)
MR       .....                  l - +0 pair of boots
Stlth    +.........             (no amulet)
HPRegen  0.10/turn              (no ring)
MPRegen  0.13/turn              (no ring)

@: shrouded, infused, singing, very slightly contaminated
A: no striking features
a: no special abilities


You were on level 4 of the Dungeon.
You were very hungry.

You visited 1 branch of the dungeon, and saw 4 of its levels.

You collected 92 gold pieces.

Inventory:

Hand Weapons
 a - a +0 falchion (weapon)
 j - a +1 vampiric dagger
 n - a +0 hunting sling
Missiles
 c - 46 sling bullets
 t - 3 javelins (quivered)
Armour
 b - a +0 leather armour (worn)
 l - a +0 pair of boots (worn)
 o - a +0 helmet (worn)
Jewellery
 i - an uncursed ring of resist corrosion {unknown}
 m - an uncursed ring of ice {unknown}
Wands
 v - a wand of polymorph (15)
Scrolls
 e - 4 scrolls of teleportation {unknown}
 f - 4 scrolls of remove curse {unknown}
 k - 3 scrolls of identify {unknown}
 q - a scroll of noise {unknown}
 w - a scroll of magic mapping {unknown}
Potions
 g - 2 potions of haste {unknown}
 h - a potion of agility {unknown}
 p - a potion of degeneration {unknown}
 r - a potion of mutation {unknown}
 s - a potion of lignification {unknown}
 u - a potion of curing {unknown}
Comestibles
 d - 7 rations


   Skills:
 + Level 1.8 Fighting
 * Level 3.8 Long Blades
 + Level 1.2 Armour
 + Level 3.0 Dodging
 + Level 0.3 Stealth
 + Level 4.3 Spellcasting
 + Level 5.6 Charms
 + Level 0.3 Translocations


You had 4 spell levels left.
You knew the following spells:

 Your Spells              Type           Power        Failure   Level  Hunger
a - Infusion              Chrm           ###.         1%          1    None
b - Song of Slaying       Chrm           ###.....     2%          2    ##.....
c - Shroud of Golubria    Chrm/Tloc      ##........   9%          2    ##.....
d - Regeneration          Chrm/Necr      ##........   19%         3    ###....

Your spell library contained the following spells:

 Spells                   Type           Power        Failure   Level  Hunger
 Spectral Weapon          Hex/Chrm       ##......     19%         3    ###....


Dungeon Overview and Level Annotations

Branches:
Dungeon (4/15)
 Temple: D:4-7

Altars:
Hepliaklqana


Message History

You hit the orc priest.
The orc priest is heavily wounded.
You barely miss the orc priest.
The orc priest is heavily wounded.
Your shroud bends the orc priest's attack away.
You hit the orc priest.
The orc priest is severely wounded.
The orc barely misses you.
The orc priest begins to cast a cantrip, but forgets the words!
You closely miss the orc priest.
The orc priest is severely wounded.
The orc hits you but does no damage.
The orc priest calls down the wrath of Beogh upon you.
Pain shoots through your body!
* * * LOW HITPOINT WARNING * * *
You hit the orc priest.
The orc priest is almost dead.
The orc priest mumbles some strange prayers to Beogh against you.
Beogh smites you!
You die...

########## #........###
##### #.#####....
####...###.# ..##
######.......##.# ###†.###
#...##.#......#.# #......#
#<#..._.......#@###.#..#.#
#...##.#.......oo......#
##.###..............#..o...
#.# ####......######....>.
#.# #####.## .##.## #.# #.#
.# .# #.### #.# .# # ##...#
#'# ##....### ..


You could see an orc priest and an orc.

Vanquished Creatures
  A scorpion (D:4)
  An orc wizard (D:3)
  6 adders
  An ooze (D:4)
  2 worms
  2 dart slugs
  2 leopard geckos (D:3)
  7 orcs
  13 bats
  4 giant cockroaches
  10 goblins
  9 hobgoblins
  4 jackals
  A quokka (D:4)
  A ball python (D:1)
  4 frilled lizards
  A jackal skeleton (D:4)
  8 kobolds
  5 rats
82 creatures vanquished.

Notes
Turn   | Place    | Note
-------+----------+-------------------------------------------
     0 | D:1      | riellis the Deep Elf Skald began the quest for the Orb.
     0 | D:1      | Reached XP level 1. HP: 12/12 MP: 6/6
   245 | D:1      | Reached XP level 2. HP: 14/16 MP: 4/8
   348 | D:1      | Learned a level 2 spell: Song of Slaying
   351 | D:1      | Learned a level 2 spell: Shroud of Golubria
   781 | D:1      | Reached XP level 3. HP: 14/21 MP: 5/9
   900 | D:1      | Learned a level 3 spell: Regeneration
  1368 | D:2      | Reached skill level 1 in Armour
  1368 | D:2      | Reached skill level 5 in Charms
  1471 | D:2      | Reached XP level 4. HP: 26/26 MP: 7/11
  2636 | D:3      | Reached XP level 5. HP: 24/30 MP: 4/13
  3675 | D:4      | Found a hazy altar of Hepliaklqana.
  3848 | D:4      | Killed from afar by an orc priest

Vault maps used:
D:1:      dpeg_arrival_rooms_with_view
D:2:      first_ration
D:4:      nicolae_ru_great_annihilating_truth, lemuel_crystal_altar

Skill      XL: |  1  2  3  4  5 |
---------------+----------------+-----
Long Blades    | 2 3 |  3.8
Armour         | 1 |  1.2
Charms         | 5 |  5.6
Spellcasting   | 4 |  4.3
Dodging        | 3 |  3.0
Fighting       | |  1.8
Stealth        | |  0.3
Translocations | |  0.3

Action                   |  1- 3 |  4- 6 || total
-------------------------+-------+-------++-------
Melee: Falchion          |   117 |   134 ||   251
 Cast: Infusion          |    12 |    13 ||    25
       Shroud of Golubri |     8 |    12 ||    20
       Song of Slaying   |     4 |     4 ||     8
       Regeneration      |       |     2 ||     2
  Eat: Chunk             |     2 |     8 ||    10
Armor: Leather armour    |    47 |    48 ||    95
Dodge: Dodged            |   129 |    86 ||   215
       Rpst.: Falchion   |    37 |    23 ||    60

Table legend:
 A = Spawn XP
 B = Non-spawn XP
 C = Spawn XP percentage of total XP
 D = Spawn monster count
 E = Non-spawn monster count
 F = Spawn count percentage of total count
 G = Total turns spent on level
                    A         B        C        D         E        F      G
               +---------+---------+-------+---------+---------+-------+---------
         Total |       0 |     337 |   0.0 |       0 |      82 |   0.0 |  3848
               +---------+---------+-------+---------+---------+-------+---------
           D:1 |       0 |      50 |   0.0 |       0 |      30 |   0.0 |  1120
           D:2 |       0 |      72 |   0.0 |       0 |      15 |   0.0 |   644
           D:3 |       0 |     102 |   0.0 |       0 |      26 |   0.0 |  1212
           D:4 |       0 |     113 |   0.0 |       0 |      11 |   0.0 |   872
               +---------+---------+-------+---------+---------+-------+---------
